 Dungeon Crawl Stone Soup version 0.19-a0-1008-g4c63d25 (webtiles) character file.

709 AlphabetPasta the Chopper (level 7, -2/52 HPs)
             Began as a Demonspawn Fighter on July 22, 2016.
             Killed from afar by alcopop's ghost (20 damage)
             ... with a bolt of poison
             ... on level 5 of the Dungeon.
             The game lasted 00:16:18 (3540 turns).

AlphabetPasta the Chopper (Demonspawn Fighter)      Turns: 3540, Time: 00:16:21

Health: -2/52      AC:  6    Str: 19    XL:     7   Next: 40%
Magic:  7/7        EV:  7    Int:  9    God:
Gold:   208        SH:  9    Dex: 12    Spells: 0 memorised, 6 levels left

rFire  . . .     SeeInvis .     a - +1 war axe
rCold  . . .     Gourm    .     b - +0 scale mail
rNeg   . . .     Faith    .     c - +0 shield
rPois  .         Spirit   .     (helmet restricted)
rElec  .         Dismiss  .     (no cloak)
rCorr  .         Reflect  .     (no gloves)
SustAt .         Harm     .     (no boots)
MR     .....                    (no amulet)
Stlth  ..........               (no ring)
                                (no ring)

@: lethally poisoned (-2 -> -27), not resistant to hostile enchantments,
extremely unstealthy
A: horns 2, powered by pain 1, spiny 1
a: no special abilities


You were on level 5 of the Dungeon.
You were not hungry.

You visited 1 branch of the dungeon, and saw 5 of its levels.

You collected 208 gold pieces.

Inventory:

Hand Weapons
 a - a +1 war axe (weapon)
Missiles
 j - 3 tomahawks (quivered)
Armour
 b - a +0 scale mail (worn)
 c - a +0 shield (worn)
Jewellery
 h - an uncursed ring of ice
Wands
 s - a wand of heal wounds (5/9)
Scrolls
 e - 4 scrolls of remove curse
 y - a scroll of recharging
Potions
 d - a potion of might
 g - 2 potions of ambrosia
 i - 2 potions of magic
 l - a potion of flight {unknown}
 m - 2 potions of brilliance
 n - 2 potions of lignification
 o - a potion of degeneration {unknown}
 q - a potion of invisibility {unknown}
 r - 3 potions of agility
 w - 2 potions of haste {unknown}
 x - a potion of curing {unknown}
Comestibles
 f - 3 bread rations
 k - 3 fruits
 p - 6 chunks of flesh
 t - 5 beef jerkies
 u - 2 meat rations
 v - a slice of pizza


   Skills:
 - Level 3.0 Fighting
 * Level 5.6 Axes
 + Level 3.3 Throwing
 - Level 2.6 Armour
 + Level 4.6 Shields


You had 6 spell levels left.
You didn't know any spells.

Dungeon Overview and Level Annotations

Branches:
Dungeon (5/15)
 Temple: D:4-7

Altars:
Dithmenos
Elyvilon
Hepliaklqana
Pakellas
Qazlal
Ru

Annotations:
D:5 alcopop's ghost, novice OpVM


Innate Abilities, Weirdness & Mutations

You have a pair of horns on your head.
You sometimes gain a little power by taking damage.
You are partially covered in sharp spines.


Message History

Alcopop's ghost hits you!
You barely miss alcopop's ghost.
Alcopop's ghost is moderately damaged.
You feel very sick. You block alcopop's ghost's attack.
You closely miss alcopop's ghost. Your headbutt misses alcopop's ghost.
Alcopop's ghost is moderately damaged.
You feel sick. Alcopop's ghost barely misses you.
You hit alcopop's ghost. Your headbutt misses alcopop's ghost.
Alcopop's ghost is heavily damaged.
You feel sick. You block alcopop's ghost's attack.
Alcopop's ghost stares at you. Alcopop's ghost closely misses you.
You barely miss alcopop's ghost.
Alcopop's ghost is heavily damaged.
You feel sick.
Alcopop's ghost stares at you and mumbles some strange words.
The bolt of poison hits you!
You are lethally poisoned!
You die...

###############
#..).W@)......###+#####
#.###########..........
#.# #(......... #.#
#.......... #W#
#.......... #.# #
#.......... #.# .#
#.......... #.#..#...
..#.###'##### #>...W...
............#


You could see alcopop's ghost.

Vanquished Creatures
  An ice beast (D:5)
  2 ogres
  A hound (D:4)
  2 centaur skeletons
  A gnoll shaman (D:4)
  A jelly (D:3)
  An orc wizard (D:4)
  Jessica (D:3)
  2 worker ants (D:4)
  3 gnolls (D:4)
  5 adders
  An ooze (D:3)
  A worm (D:2)
  4 dart slugs
  2 giant geckos (D:3)
  11 orcs
  3 giant cockroaches
  9 goblins
  10 hobgoblins
  2 jackals (D:4)
  4 quokkas
  2 ball pythons
  7 bats
  6 giant newts
  8 kobolds
  38 rats
128 creatures vanquished.

Vanquished Creatures (others)
  A human (D:2)
1 creature vanquished.

Grand Total: 129 creatures vanquished

Notes
Turn   | Place    | Note
-------+----------+-------------------------------------------
     0 | D:1      | AlphabetPasta the Demonspawn Fighter began the quest for the Orb.
     0 | D:1      | Reached XP level 1. HP: 18/18 MP: 1/1
   137 | D:1      | Reached skill level 2 in Axes
   227 | D:1      | Gained mutation: You are partially covered in sharp spines. [demonic ancestry]
   227 | D:1      | Reached XP level 2. HP: 23/24 MP: 2/2
   383 | D:1      | Reached skill level 1 in Throwing
   787 | D:2      | Reached XP level 3. HP: 20/29 MP: 3/3
  1212 | D:2      | Found a sacrificial altar of Ru.
  1213 | D:2      | Found a stormy altar of Qazlal.
  1224 | D:2      | Found a shadowy altar of Dithmenos.
  1483 | D:2      | Reached skill level 3 in Axes
  1502 | D:2      | Found an oddly glowing altar of Pakellas.
  1502 | D:2      | Noticed a human
  1511 | D:2      | Killed a human
  1583 | D:2      | Gained mutation: You have a pair of small horns on your head. [demonic ancestry]
  1583 | D:2      | Reached XP level 4. HP: 25/35 MP: 4/4
  2089 | D:3      | Noticed Jessica
  2093 | D:3      | Killed Jessica
  2186 | D:3      | Gained mutation: You have a pair of horns on your head. [demonic ancestry]
  2186 | D:3      | Reached XP level 5. HP: 41/41 MP: 5/5
  2351 | D:3      | Found a hazy altar of Hepliaklqana.
  2453 | D:3      | Reached skill level 4 in Axes
  2730 | D:4      | Gained mutation: You sometimes gain a little power by taking damage. [demonic ancestry]
  2730 | D:4      | Reached XP level 6. HP: 43/47 MP: 6/6
  3120 | D:4      | Reached skill level 5 in Axes
  3247 | D:5      | Entered Level 5 of the Dungeon
  3320 | D:5      | Found a white marble altar of Elyvilon.
  3322 | D:5      | Noticed an ice beast
  3330 | D:5      | Killed an ice beast
  3330 | D:5      | Reached XP level 7. HP: 43/52 MP: 7/7
  3339 | D:5      | Found a stormy altar of Qazlal.
  3515 | D:5      | Noticed alcopop's ghost (novice OpVM)
  3540 | D:5      | Killed from afar by alcopop's ghost

Vault maps used:
D:1:      dpeg_arrival_castle, minmay_curled_crystal
D:2:      gammafunk_pakellas_its_alive, minitemple, minmay_rats_cheesy_pizza
D:3:      marbit_many_paths, uniq_jessica
D:5:      old_standard_altar, fedhas_bush_and_centaur_altar, first_bread,
          basic_altar, lemuel_statue_altar

Skill      XL: |  1  2  3  4  5  6 |
---------------+-------------------+-----
Axes           | 2 3 4 5 |  5.6
Throwing       | 1 2 3 |  3.3
Shields        | 3 4 |  4.6
Fighting       | |  3.0
Armour         | |  2.6

Action                   |  1- 3 |  4- 6 |  7- 9 || total
-------------------------+-------+-------+-------++-------
Melee: War axe           |    99 |   144 |    23 ||   266
       Headbutt          |       |    20 |     3 ||    23
Throw: Tomahawk          |     3 |     4 |       ||     7
Evoke: Wand              |       |     1 |     2 ||     3
  Use: Scroll            |       |    13 |     1 ||    14
  Eat: Chunk             |     2 |     4 |     1 ||     7
       Royal jelly       |       |     1 |       ||     1
Armor: Scale mail        |    32 |    40 |     3 ||    75
Dodge: Dodged            |    22 |    36 |     6 ||    64
Block: Shield            |    56 |    62 |    10 ||   128
